 Dungeon Crawl Stone Soup version 0.16-a0-3855-gd2600ac (webtiles) character file.

147 plathrop the Cudgeler (level 5, -4/32 HPs)
             Began as a Gargoyle Fighter on Feb 1, 2015.
             Slain by plathrop's ghost (9 damage)
             ... on level 3 of the Dungeon.
             The game lasted 00:05:43 (1384 turns).

plathrop the Cudgeler (Gargoyle Fighter)            Turns: 1384, Time: 00:05:43

Health: -4/32      AC: 10    Str: 24    XL:     5   Next: 29%
Magic:  5/5        EV:  7    Int:  9    God:
Gold:   80         SH:  9    Dex: 10    Spells: 0 memorised, 4 levels left

rFire  . . .     SeeInvis +     a - +0 flail
rCold  . . .     Clarity  .     b - +0 scale mail
rNeg   + . .     SustAb   .     c - +0 shield
rPois  ∞         Gourm    .     (no helmet)
rElec  +         Spirit   .     (no cloak)
rCorr  .         Warding  .     (no gloves)
rMut   .         Stasis   .     (no boots)
MR     .....                    (no amulet)
Stlth  ..........               (no ring)
                                g - ring of see invisible

@: mighty, not resistant to hostile enchantments, extremely unstealthy
A: negative energy resistance 1, electricity resistance, unbreathing,
petrification resistance, rot immunity, AC +4
a: no special abilities


You were on level 3 of the Dungeon.
You were not hungry.

You visited 1 branch of the dungeon, and saw 3 of its levels.

You collected 80 gold pieces.

Inventory:

Hand weapons
 a - a +0 flail (weapon)
Armour
 b - a +0 scale mail (worn)
 c - a +0 shield (worn)
Jewellery
 g - a ring of see invisible (left hand)
Scrolls
 j - a scroll of teleportation
 k - a scroll of remove curse
 l - a scroll of enchant armour {unknown}
 m - a scroll of enchant weapon {unknown}
Potions
 e - a potion of might
 f - a potion of degeneration {unknown}
 i - a potion of flight {unknown}
 n - a potion of brilliance {unknown}
Comestibles
 d - a bread ration
 h - 2 chunks of flesh


   Skills:
 + Level 3.3 Fighting
 + Level 5.3 Maces & Flails
 - Level 3.2 Armour
 - Level 3.2 Shields


You had 4 spell levels left.
You didn't know any spells.

Dungeon Overview and Level Annotations

Branches:
Dungeon (3/15)

Altars:

Annotations:
D:2 Sigmund
D:3 plathrop's ghost, average DrBe


Innate Abilities, Weirdness & Mutations

You are resistant to torment.
You are immune to poison.
Your stone body is very resilient (AC +4).
You resist negative energy.
You are resistant to electric shocks.
You can survive without breathing.
You are immune to petrification.
You are immune to rotting.


Message History

You closely miss plathrop's ghost.
Plathrop's ghost is severely damaged.
Plathrop's ghost barely misses you.
You closely miss plathrop's ghost.
Plathrop's ghost is severely damaged.
Plathrop's ghost hits you but does no damage.
You closely miss plathrop's ghost.
Plathrop's ghost is severely damaged.
Plathrop's ghost hits you! You block plathrop's ghost's attack.
You closely miss plathrop's ghost.
Plathrop's ghost is severely damaged.
Plathrop's ghost hits you.
* * * LOW HITPOINT WARNING * * *
You closely miss plathrop's ghost.
Plathrop's ghost is severely damaged.
You block plathrop's ghost's attack.
Drink which item? (? for menu, Esc to quit)
You feel very mighty all of a sudden. Plathrop's ghost hits you!
You die...

#### ##... #...# +...#
#...# ###...###.##
#...>†....... ..
#@###### ######.#
#W#....###......##
#........'........ #.
#.#.##.###........
#...###...##.##.........
#..........#.##.########
#..........#.##'#####
###........#.#......#
#..........#......###


You could see plathrop's ghost.

Vanquished Creatures
  A phantom (D:3)
  4 adders
  A ball python (D:1)
  3 bats
  2 giant cockroaches (D:1)
  4 goblins
  3 hobgoblins
  3 jackals (D:1)
  2 giant newts
  2 kobolds
  3 rats (D:1)
28 creatures vanquished.

Notes
Turn   | Place    | Note
--------------------------------------------------------------
     0 | D:1      | plathrop, the Gargoyle Fighter, began the quest for the Orb.
     0 | D:1      | Reached XP level 1. HP: 14/14 MP: 1/1
   233 | D:1      | Reached XP level 2. HP: 16/19 MP: 2/2
   817 | D:2      | Reached XP level 3. HP: 19/23 MP: 3/3
   958 | D:2      | Reached skill level 4 in Maces & Flails
   987 | D:2      | Noticed Sigmund
  1224 | D:3      | Noticed a phantom
  1260 | D:3      | Killed a phantom
  1260 | D:3      | Reached skill level 5 in Maces & Flails
  1260 | D:3      | Reached XP level 4. HP: 25/28 MP: 4/4
  1260 | D:3      | Reached XP level 5. HP: 28/32 MP: 5/5
  1354 | D:3      | Noticed plathrop's ghost (average DrBe)
  1384 | D:3      | Slain by plathrop's ghost

Action                   |  1- 3 |  4- 6 || total
-------------------------+-------+-------++-------
Melee: Flail             |    97 |    33 ||   130
  Use: Scroll            |     3 |       ||     3
       Potion            |       |     1 ||     1
  Eat: Chunk             |     1 |     1 ||     2
